 Dungeon Crawl Stone Soup version 0.31-a0-198-g2ad674f65e (webtiles) character file.

Game seed: 6224129176691109159

476 qw the Skirmisher (level 6, -6/35 HPs)
             Began as a Deep Elf Hunter on June 25, 2023.
             Mangled by an iron imp (7 damage)
             ... summoned by Eustachio
             ... on level 5 of the Dungeon.
             The game lasted 00:01:16 (3275 turns).

qw the Skirmisher (Deep Elf Hunter)                 Turns: 3275, Time: 00:01:16

Health: -6/35      AC:  8    Str: 10    XL:     6   Next: 85%
Magic:  23/23      EV: 11    Int: 14    God:
Gold:   113        SH:  0    Dex: 18    Spells: 5/5 levels left

rFire   + . .        j - +2 shortbow (flame)
rCold   . . .        (shield currently unavailable)
rNeg    . . .        d - +0 ring mail
rPois   .            (no helmet)
rElec   .            (no cloak)
rCorr   .            e - +0 pair of gloves
SInv    .            c - +1 pair of boots
Will    +....        k
                       - Hermit's Pendant {Faith Invo=14 Evo=0 MP+5}
Stlth   +            h - ring of protection from fire
HPRegen 0.25/turn    b - ring of willpower
MPRegen 0.18/turn

%: faith
@: no status effects
A: no striking features
a: no special abilities


You were on level 5 of the Dungeon.
You visited 1 branch of the dungeon, and saw 6 of its levels.

You collected 113 gold pieces.


   Skills:
 - Level 2.0 Fighting
 + Level 10.1 Ranged Weapons
 - Level 1.1 Armour
 - Level 3.2 Dodging
 - Level 1.2 Stealth


You had 5 spell levels left.
You didn't know any spells.
Your spell library was empty.

Inventory:

Hand Weapons
 j - a +2 shortbow of flaming (weapon)
Armour
 c - a +1 pair of boots (worn)
 d - a +0 ring mail (worn)
 e - a +0 pair of gloves (worn)
Jewellery
 b - a ring of willpower (right hand)
 h - a ring of protection from fire (left hand)
 k - the Hermit's Pendant (around neck) {Faith Invo=14 Evo=0 MP+5}
   (You found it on level 3 of the Dungeon)

   [amulet of faith]

   Invo=14: It sets your Invocations skill to 14.
   Evo=0: It sets your Evocations skill to 0.
   It allows you to gain divine favour quickly.
   MP:        It affects your magic capacity (+5).
 Y - a ring of resist corrosion
Scrolls
 a - 2 scrolls of identify
Potions
 f - a potion of enlightenment
 g - a potion of mutation
 i - a potion of curing
 l - a potion of haste

Dungeon Overview and Level Annotations

Branches:
Dungeon (6/15)
 Temple: D:4-7

Altars:
Ru
Wu Jian
The Shining One

Annotations:
D:3 2 transporters, qw's ghost, amateur DEHu
D:5 Eustachio


Message History

The iron imp is heavily wounded.
The iron imp misses you.
You shoot an arrow. The arrow hits the iron imp.
The iron imp is severely wounded.
The iron imp hits you.
Eustachio mumbles some strange words.
Eustachio blinks!
You shoot an arrow.
The arrow hits the iron imp but does no damage.
The iron imp is severely wounded.
The iron imp barely misses you. The iron imp closely misses you.
You shoot an arrow. The arrow hits the iron imp.
The iron imp is almost dead.
The iron imp hits you but does no damage.
Eustachio closely misses you. The iron imp barely misses you.
You shoot an arrow.
The arrow hits the iron imp but does no damage.
The iron imp is almost dead.
Eustachio hits you with a +0 rapier. The iron imp hits you.
The iron imp closely misses you.
You shoot an arrow. The arrow hits the iron imp!
You kill the iron imp!
The iron imp disappears in a puff of smoke!
Eustachio casts a spell.
The iron imp hits you.
You shoot an arrow. The arrow hits Eustachio.
The arrow burns Eustachio.
Eustachio is severely wounded.
Eustachio barely misses you.
You shoot an arrow. The arrow closely misses Eustachio.
The iron imp barely misses you. Eustachio hits you with a +0 rapier.
The quokka barely misses you.
You shoot an arrow. The arrow closely misses Eustachio.
The quokka bites you but does no damage.
The iron imp misses you.
Eustachio gestures wildly while chanting.
You shoot an arrow. The arrow misses Eustachio.
The quokka bites you but does no damage.
Eustachio gestures wildly while chanting.
Eustachio blinks!
The iron imp hits you!
You die...

#. ....
#.#+#+##...
.........
#.......
####......
....@....
......55#
#...5r@#
#.####ยค#
#.# #.# #.#
#.# #.#
######.#
#......#


You could see Eustachio, an iron imp (summoned), a shadow imp (summoned), an
ufetubus (summoned) and a quokka (summoned).

Vanquished Creatures
  A sky beast (D:3)
  A scorpion (D:4)
  A jelly (D:6)
  An orc priest (D:3)
  2 hounds
  An iguana (D:5)
  4 gnolls (D:6)
  6 adders
  An ufetubus (D:4)
  7 orcs
  8 bats
  7 endoplasms
  4 giant cockroaches
  7 goblins
  10 hobgoblins
  3 quokkas
  8 ball pythons
  7 kobolds
  7 rats
86 creatures vanquished.

Notes
Turn   | Place    | Note
-------+----------+-------------------------------------------
     0 | D:1      | qw the Deep Elf Hunter began the quest for the Orb.
     0 | D:1      | Reached XP level 1. HP: 12/12 MP: 3/3
     0 | D:1      | 0 ||| qw: Version: 0.3-a-22-g0ed2b0b
     0 | D:1      | 0 ||| qw: Game counter: 5173
     0 | D:1      | 0 ||| qw: Melee chars always use a shield: true
     0 | D:1      | 0 ||| qw: God list: Okawaru
     0 | D:1      | 0 ||| qw: Allow faded altars: false
     0 | D:1      | 0 ||| qw: Do Orc after clearing Dungeon:15 true
     0 | D:1      | 0 ||| qw: Do second Lair branch before Depths: true
     0 | D:1      | 0 ||| qw: Lair rune preference: random
     0 | D:1      | 0 ||| qw: Goals: Normal
     0 | D:1      | 0 ||| PLANNING D:1-11
   220 | D:1      | Reached skill level 6 in Ranged Weapons
   220 | D:1      | Reached XP level 2. HP: 16/16 MP: 4/4
   758 | D:1      | 758 ||| UPGRADING to +0 pair of gloves.
   763 | D:1      | 763 ||| UPGRADING to ring of protection from fire.
   764 | D:1      | 764 ||| READING scroll labelled JUOSOU PEBBE.
   764 | D:1      | Identified a scroll of acquirement
   764 | D:1      | 764 ||| ACQUIRING +2 shortbow of flaming
   764 | D:1      | Acquired a +2 shortbow of flaming
   766 | D:1      | 766 ||| SWAPPING to +2 shortbow of flaming.
   767 | D:1      | 767 ||| DROPPING +0 shortbow.
   768 | D:1      | 768 ||| READING 3 scrolls labelled WEDOAKH AZOKH.
   769 | D:1      | 769 ||| DRINKING 2 fuming green potions.
   770 | D:1      | 770 ||| READING 2 scrolls of identify.
   770 | D:1      | 770 ||| IDENTIFYING sedimented clear potion
   771 | D:1      | 771 ||| DROPPING scroll of butterflies.
   772 | D:1      | 772 ||| DROPPING potion of degeneration.
   823 | D:2      | Reached XP level 3. HP: 20/20 MP: 5/5
   965 | D:2      | Reached skill level 7 in Ranged Weapons
  1433 | D:2      | 1433 ||| UPGRADING to +0 ring mail.
  1443 | D:2      | 1443 ||| DROPPING +0 leather armour.
  1444 | D:2      | 1444 ||| UPGRADING to ring of resist corrosion.
  1445 | D:2      | 1445 ||| DROPPING +6 ring of intelligence.
  1446 | D:2      | 1446 ||| READING scroll labelled WUWNE VUILAEMN.
  1447 | D:2      | 1447 ||| READING scroll labelled YRGHISA WOPRYHU.
  1451 | D:2      | 1451 ||| DRINKING 2 viscous clear potions.
  1487 | D:2      | 1487 ||| READING 3 scrolls of identify.
  1487 | D:2      | 1487 ||| IDENTIFYING murky coppery potion
  1488 | D:2      | 1488 ||| READING 2 scrolls of identify.
  1488 | D:2      | 1488 ||| IDENTIFYING lumpy emerald potion
  1489 | D:2      | 1489 ||| DROPPING potion of lignification.
  1490 | D:2      | 1490 ||| DROPPING potion of berserk rage.
  1545 | D:3      | Reached XP level 4. HP: 19/25 MP: 6/6
  1630 | D:3      | Found a transporter.
  1649 | D:3      | Found a sacrificial altar of Ru.
  1676 | D:3      | Found a transporter.
  1688 | D:3      | Noticed qw's ghost (amateur DEHu)
  1883 | D:3      | You fall into a shaft and drop 3 floors!
  1886 | D:6      | Reached skill level 8 in Ranged Weapons
  1898 | D:6      | Reached XP level 5. HP: 29/29 MP: 7/7
  1966 | D:6      | 1966 ||| UPGRADING to +1 pair of boots.
  1971 | D:6      | 1971 ||| READING 4 scrolls of identify.
  1971 | D:6      | 1971 ||| IDENTIFYING bubbling ruby potion
  1981 | D:5      | Entered Level 5 of the Dungeon
  1984 | D:5      | Reached skill level 9 in Ranged Weapons
  2116 | D:5      | 2116 ||| READING 4 scrolls of identify.
  2116 | D:5      | 2116 ||| IDENTIFYING brown potion
  2117 | D:5      | 2117 ||| READING 3 scrolls of identify.
  2117 | D:5      | 2117 ||| IDENTIFYING metallic inky potion
  2118 | D:5      | 2118 ||| DROPPING potion of attraction.
  2129 | D:4      | Found a glowing golden altar of the Shining One.
  2187 | D:4      | 2187 ||| READING scroll labelled ASAIFE ZAHUORGH.
  2273 | D:3      | Found a faded altar of an unknown god.
  2273 | D:3      | Found the Hermit's Pendant {Faith Invo=14 Evo=0 MP+5}
  2274 | D:3      | Noticed a sky beast
  2284 | D:3      | HP: 7/30 [something (2)]
  2284 | D:3      | HP: 1/30 [something (6)]
  2287 | D:3      | 2287 ||| READING scroll of teleportation.
  2526 | D:3      | Reached skill level 1 in Armour
  2597 | D:3      | Found a faded altar of an unknown god.
  2599 | D:3      | Reached XP level 6. HP: 35/35 MP: 8/8
  2707 | D:3      | Killed a sky beast
  2746 | D:3      | 2746 ||| UPGRADING to Hermit's Pendant {Faith Invo=14 Evo=0
                  | MP+5}.
  2835 | D:3      | 2835 ||| UPGRADING to ring of willpower.
  2883 | D:4      | Reached skill level 10 in Ranged Weapons
  3008 | D:4      | Found an ornate altar of the Wu Jian Council.
  3073 | D:4      | Reached skill level 3 in Dodging
  3244 | D:5      | Noticed Eustachio
  3270 | D:5      | HP: 6/35 [iron imp[Eustachio] (4)]
  3271 | D:5      | HP: 1/35 [iron imp[Eustachio] (5)]
  3275 | D:5      | Mangled by an iron imp

Levels and vault maps discovered:
D:1:      giann_horns, layout_basic
D:2:      layout_loops_ring, minmay_domino_4
D:3:      layout_loops_ring, mainiacjoe_overflow_catwalk,
          gammafunk_ghost_abyssal_escape, chequers_ecumenical_altar_lobes,
          hellmonk_guarded_unrand_hermit
D:4:      layout_rooms, nicolae_wu_jian_wuxing_cycle,
          mainiacjoe_overflow_six_doors_small, minmay_misc_feat_columns,
          corexii_shack
D:5:      layout_basic, tgw_xom, minmay_temple_entry_large_hall,
          kennysheep_path_1, chequers_decorated_corner, uniq_eustachio,
          uniq_crazy_yiuf_cottage, uniq_blork_the_orc
D:6:      layout_basic, fedhas_ov_isle_minmay, uniq_menkaure

Skill      XL: |  1  2  3  4  5  6 |
---------------+-------------------+-----
Ranged Weapons | 6 7 8 9 10 | 10.1
Fighting       | 2 |  2.0
Armour         | 1 |  1.1
Dodging        | 3 |  3.2
Stealth        | |  1.2

Action                     |  1- 3 |  4- 6 || total
---------------------------+-------+-------++-------
   Fire: Shortbow          |   120 |   140 ||   260
    Use: Scroll            |     7 |     5 ||    12
         Potion            |     2 |       ||     2
 Armour: Leather armour    |     9 |       ||     9
         Ring mail         |     2 |    25 ||    27
  Dodge: Dodged            |    25 |    40 ||    65

Table legend:
 A = Non-vault XP
 B = Vault XP
 C = Vault XP percentage of total XP
 D = Non-vault monster count
 E = Vault monster count
 F = Vault count percentage of total count
                 A         B        C        D         E       F
            +---------+---------+-------+---------+---------+-------
      Total |     543 |     138 |  20.3 |      82 |       4 |   4.7
            +---------+---------+-------+---------+---------+-------
        D:1 |      40 |       0 |   0.0 |      23 |       0 |   0.0
        D:2 |      41 |       3 |   6.8 |      19 |       2 |   9.5
        D:3 |     120 |     133 |  52.6 |      23 |       1 |   4.2
        D:4 |     165 |       2 |   1.2 |      10 |       1 |   9.1
        D:5 |      77 |       0 |   0.0 |       2 |       0 |   0.0
        D:6 |     100 |       0 |   0.0 |       5 |       0 |   0.0
            +---------+---------+-------+---------+---------+-------
